 Dungeon Crawl Stone Soup version 0.17-a0-1920-gafa4d75 (webtiles) character file.

91 derrpe the Slasher (level 4, -10/35 HPs)
             Began as a Demonspawn Abyssal Knight on Sept 27, 2015.
             Was a Believer of Lugonu.
             Killed from afar by Ijyb (16 damage)
             ... with a wand of fire
             ... on level 3 of the Dungeon.
             The game lasted 00:05:59 (2819 turns).

derrpe the Slasher (Demonspawn Abyssal Knight)      Turns: 2819, Time: 00:06:00

Health: -10/35     AC: 10    Str: 13    XL:     4   Next: 34%
Magic:  0/5        EV: 15    Int: 13    God:    Lugonu [**....]
Gold:   123        SH:  0    Dex: 20    Spells: 0 memorised, 3 levels left

rFire  . . .     SeeInvis .     o - +1 dagger (protect)
rCold  . . .     Clarity  .     e - +0 ring mail
rNeg   . . .     SustAt   .     (no shield)
rPois  .         Gourm    .     (helmet restricted)
rElec  .         Spirit   +     (no cloak)
rCorr  .         Warding  .     (no gloves)
rMut   .         Stasis   .     (no boots)
MR     .....                    u - amulet of guardian spirit
Stlth  ++........               (no ring)
                                q - +2 ring of dexterity

@: agile, not resistant to hostile enchantments, unstealthy
A: antennae 2
a: Depart the Abyss, Bend Space, Renounce Religion


You were on level 3 of the Dungeon.
You worshipped Lugonu.
Lugonu was pleased with you.
You were not hungry.

You visited 1 branch of the dungeon, and saw 3 of its levels.
You visited the Abyss 1 time.

You collected 123 gold pieces.

Inventory:

Hand weapons
 a - a +1 falchion
 o - a +1 dagger of protection (weapon)
 w - a +0 hunting sling
Missiles
 i - 9 poisoned needles
 y - 59 stones (quivered)
Armour
 e - a +0 ring mail (worn)
 s - a +0 chain mail
Jewellery
 q - a +2 ring of dexterity (left hand)
 u - an amulet of guardian spirit (around neck)
Scrolls
 b - 2 scrolls of identify
 m - a scroll of recharging {unknown}
 v - a scroll of magic mapping {unknown}
 x - a scroll of noise {unknown}
Potions
 g - a potion of brilliance
 h - a potion of resistance
 j - a potion of agility
 n - a potion of cure mutation
 p - a potion of curing
Comestibles
 c - 2 bread rations {@e1}
 d - a beef jerky
 f - 4 meat rations {@e2}
 l - a slice of pizza
 t - 2 fruits


   Skills:
 - Level 3.0 Fighting
 + Level 4.2 Long Blades
 - Level 1.7 Armour
 - Level 0.8 Dodging
 - Level 2.4 Invocations


You had 3 spell levels left.
You didn't know any spells.

Dungeon Overview and Level Annotations

Branches:
Dungeon (3/15)

Altars:
Zin

Annotations:
D:3 Ijyb


Innate Abilities, Weirdness & Mutations

You have a pair of antennae on your head.


Message History

You are too injured to fight recklessly!
You are too injured to fight recklessly!
You are too injured to fight recklessly!
You are too injured to fight recklessly!
You are too injured to fight recklessly!
You are too injured to fight recklessly!
You are too injured to fight recklessly!
You are too injured to fight recklessly!
You are too injured to fight recklessly!
You are too injured to fight recklessly!
You are too injured to fight recklessly!
You closely miss Ijyb.
Ijyb is moderately wounded.
Drink which item? (? for menu, Esc to quit)
You feel agile all of a sudden. Ijyb completely misses you.
You barely miss Ijyb.
Ijyb is moderately wounded.
Ijyb zaps a wand.
The bolt of fire hits you!
You die...

#############
#...'.......#(.
#...'.......'!.
#.)†#..@g...#
#..!##########
#.........)..#
#.........÷..#
##'##.....##'##
#...#.....#÷..#
#...#.....#...#
#...#.....#...#..≈≈.
##'##.....##'##..≈≈


You could see Ijyb.

Vanquished Creatures
  4 adders
  2 worms
  An orc (D:3)
  9 bats
  4 giant cockroaches
  10 goblins
  3 hobgoblins
  3 jackals (D:3)
  3 kobolds (D:1)
  A giant gecko (D:3)
  4 giant newts
  7 rats
51 creatures vanquished.

Notes
Turn   | Place    | Note
--------------------------------------------------------------
     0 | Abyss:1  | derrpe the Demonspawn Abyssal Knight began the quest for the Orb.
     0 | Abyss:1  | Reached XP level 1. HP: 18/18 MP: 2/2
    39 | Abyss:1  | Noticed a golden dragon skeleton
    40 | Abyss:1  | Found a corrupted altar of Lugonu.
    93 | Abyss:1  | Noticed a smoke demon
    93 | Abyss:1  | Noticed an apocalypse crab
    96 | D:1      | Escaped the Abyss
   287 | D:1      | Gained mutation: You have a pair of small antennae on your head. [demonic ancestry]
   287 | D:1      | Reached XP level 2. HP: 16/24 MP: 3/3
   444 | D:1      | Acquired Lugonu's first power
   921 | D:2      | Gained mutation: You have a pair of antennae on your head. [demonic ancestry]
   921 | D:2      | Reached XP level 3. HP: 29/29 MP: 4/4
  1508 | D:3      | Found a faded altar to an unknown god.
  2059 | D:3      | Reached skill level 4 in Long Blades
  2059 | D:3      | Reached XP level 4. HP: 26/35 MP: 5/5
  2282 | D:3      | Found a glowing silver altar of Zin.
  2282 | D:3      | Noticed an angel
  2446 | D:3      | Acquired Lugonu's second power
  2782 | D:3      | Noticed Ijyb
  2819 | D:3      | Killed from afar by Ijyb

Vault maps used:
D:1:      minmay_arrival_diagonal_passages, minmay_misc_feat_ornament
D:2:      minmay_misc_feat_encased
D:3:      kennysheep_goblin_castle, zin_angel, ecumenical_altar_2
Abyss:1:  hangedman_decor_riveting

Action                   |  1- 3 |  4- 6 || total
-------------------------+-------+-------++-------
Melee: Falchion          |   141 |    37 ||   178
       Dagger            |       |    27 ||    27
Invok: Depart the Abyss  |     1 |       ||     1
  Use: Scroll            |       |     5 ||     5
       Potion            |       |     4 ||     4
  Eat: Chunk             |     4 |     2 ||     6
